 Dungeon Crawl Stone Soup version 0.30-a0-424-g7412bad402 (webtiles) character file.

Game seed: 5596526448406289853

2357 bande the Cleaver (level 9, -1/55 HPs)
             Began as a Gargoyle Fighter on Dec 10, 2022.
             Slain by a hornet simulacrum (10 damage)
             ... on level 6 of the Dungeon.
             The game lasted 00:14:09 (7025 turns).

bande the Cleaver (Gargoyle Fighter)                Turns: 7025, Time: 00:14:10

Health: -1/55      AC: 18    Str: 19    XL:     9   Next: 44%
Magic:  9/9        EV:  7    Int: 10    God:
Gold:   328        SH:  5    Dex: 13    Spells: 8/8 levels left

rFire   . . .      SeeInvis .    a - +0 war axe
rCold   . . .      Faith    .    c - +0 buckler
rNeg    + . .      Spirit   .    m - +0 chain mail
rPois   ∞          Reflect  .    l - +0 helmet
rElec   +          Harm     .    (no cloak)
rCorr   .          Rampage  .    (no gloves)
Will    .....                    (no boots)
Stlth   ..........               (no amulet)
HPRegen 0.29/turn                i - +4 ring of slaying
MPRegen 0.11/turn                (no ring)

@: no status effects
A: sickness immunity, AC +6, negative energy resistance 1, electricity
resistance, torment resistance 1, petrification resistance
a: no special abilities


You were on level 6 of the Dungeon.
You visited 2 branches of the dungeon, and saw 8 of its levels.

You collected 328 gold pieces.

Inventory:

Hand Weapons
 a - a +0 war axe (weapon)
 n - a +0 flail of holy wrath
 s - a +0 war axe
Armour
 c - a +0 buckler (worn)
 l - a +0 helmet (worn)
 m - a +0 chain mail (worn)
Jewellery
 e - a +6 ring of intelligence
 f - a +6 ring of intelligence
 i - a +4 ring of slaying (left hand)
Wands
 q - a wand of quicksilver (10)
 r - a wand of iceblast (5)
Scrolls
 b - a scroll of fear
 j - 2 scrolls of magic mapping
 o - 3 scrolls of teleportation
 t - 2 scrolls of identify
Potions
 d - 2 potions of might
 g - 4 potions of ambrosia
 h - a potion of mutation
 k - 2 potions of heal wounds
 p - 8 potions of curing


   Skills:
 + Level 6.3 Fighting
 + Level 8.0 Axes
 + Level 7.2 Armour
 - Level 0.2 Stealth
 + Level 5.3 Shields
 * Level 1.7 Evocations


You had 8 spell levels left.
You didn't know any spells.
Your spell library contained the following spells:

 Spells                   Type           Power      Damage    Failure   Level
 Kiss of Death            Conj/Necr      0%         2d5       99%         1
 Magic Dart               Conj           0%         1d3       99%         1
 Sting                    Tmut/Pois      0%         1d3       99%         1
 Blink                    Tloc           0%         N/A       100%        2
 Call Imp                 Summ           0%         N/A       100%        2
 Ensorcelled Hibernation  Hex/Ice        0%         N/A       100%        2
 Passwall                 Tmut/Erth      0%         N/A       100%        2
 Poisonous Vapours        Pois/Air       0%         N/A       100%        2
 Confusing Touch          Hex            0%         N/A       100%        3
 Mephitic Cloud           Conj/Pois/Air  0%         N/A       100%        3
 Ozocubu's Armour         Ice            0%         N/A       100%        3
 Portal Projectile        Hex/Tloc       0%         N/A       100%        3
 Stone Arrow              Conj/Erth      0%         3d7       100%        3
 Swiftness                Air            0%         N/A       100%        3
 Tukima's Dance           Hex            0%         N/A       100%        3
 Animate Armour           Summ/Erth      0%         N/A       100%        4
 Dispel Undead            Necr           0%         3d6       100%        4
 Manifold Assault         Tloc           0%         N/A       100%        4
 Olgreb's Toxic Radiance  Pois           0%         N/A       100%        4
 Blade Hands              Tmut           0%         N/A       100%        5
 Metabolic Englaciation   Hex/Ice        0%         N/A       100%        5
 Simulacrum               Ice/Necr       0%         N/A       100%        6
 Storm Form               Tmut/Air       0%         N/A       100%        7
 Lehudib's Crystal Spear  Conj/Erth      0%         10d2      100%        8


Dungeon Overview and Level Annotations

Branches:
Dungeon (7/15)             Temple (1/1) D:4

Altars:
Cheibriados
Dithmenos
Fedhas
Hepliaklqana
Kikubaaqudgha
Makhleb
Nemelex Xobeh
Okawaru
Qazlal
Ru
Sif Muna
Trog
Uskayaw
Vehumet
Wu Jian
Xom
Yredelemnul
Zin
The Shining One


Innate Abilities, Weirdness & Mutations

You are immune to sickness and miasma.
Your stone body is resilient. (AC +6)
You are immune to poison.
You resist negative energy. (rN+)
You are resistant to electric shocks. (rElec)
You are resistant to unholy torment.
You are immune to petrification.


Message History

Strat's ghost hits you but does no damage.
You barely miss Strat's ghost.
Strat's ghost is severely damaged.
Strat's ghost hits you but does no damage.
You closely miss Strat's ghost.
Strat's ghost is severely damaged.
You block Strat's ghost's attack.
You slash Strat's ghost!
You destroy Strat's ghost!
Unknown command.
You start resting.
HP restored.
You start waiting.
Done waiting.
There is a stone staircase leading up here.
You climb upwards.
You block the killer bee simulacrum's attack.
The centaur simulacrum hits you but does no damage.
The centaur simulacrum kicks you but does no damage.
The hornet simulacrum hits you! The hornet simulacrum freezes you!
The killer bee simulacrum hits you but does no damage.
The centaur simulacrum hits you. The centaur simulacrum freezes you!
You block the centaur simulacrum's attack.
The killer bee simulacrum barely misses you.
There is a stone staircase leading down here.
You closely miss the killer bee simulacrum.
You hit the white imp but do no damage. You hit the centaur simulacrum.
The killer bee simulacrum barely misses you.
The centaur simulacrum hits you but does no damage.
The centaur simulacrum kicks you. The centaur simulacrum freezes you!
* * * LOW HITPOINT WARNING * * *
You block the killer bee simulacrum's attack.
You hit the killer bee simulacrum.
The killer bee simulacrum is heavily damaged.
You completely miss the white imp. You slash the centaur simulacrum!
The centaur simulacrum vaporises!
You hit the hornet simulacrum.
The killer bee simulacrum barely misses you.
The hornet simulacrum hits you!
You die...

.#
#..#.##.#........)..)..##...
.#
#....##.##.......)#####.#.<#
.# #..####.##........#
#...##
.#####..####.###.......#
#...# .............#
#.......# #...#
###.########## #.......#
#...## ....# ########
#.##.##.# #..... .####
#......# ##☼#.#.######...##
.# #......#
#@Z............... .#
#.....<# #5Z...............
.# #......#
#....#............ .###
#......# ##.#.#######.....#
...# ######.#
#.#.###.....###.. .#.# #.#
#...#...##### ##. .#.#
####.####..#).###....Z #.
.#.#
#.......#....##.....W..##
.#.#
#.##.##.#...##....###...#


You could see a white imp, a killer bee simulacrum and a hornet simulacrum.

Vanquished Creatures
  Maggie (D:6)
  Grinder (D:5)
  Sigmund (D:2)
  The ghost of Strat the Insei, an amateur MeTm (D:7)
  An acid dragon (D:5)
  A black bear (D:4)
  An ice beast (D:6)
  An ogre (D:5)
  2 centaurs
  3 phantoms
  2 bullfrogs
  2 necrophages
  A howler monkey (D:6)
  4 hounds
  Ijyb (D:4)
  Terence (D:2)
  3 iguanas
  A centaur simulacrum (D:6)
  5 gnolls
  8 adders
  A white imp (D:7)
  2 ufetubi (D:6)
  A worm (D:4)
  4 dart slugs
  12 orcs
  7 endoplasms
  A giant cockroach (D:3)
  6 goblins
  11 hobgoblins
  3 jackals (D:4)
  6 kobolds
  7 quokkas
  A ball python (D:1)
  6 bats
  A frilled lizard (D:3)
  2 rats
112 creatures vanquished.

Vanquished Creatures (collateral kills)
  A bullfrog (D:7)
1 creature vanquished.

Grand Total: 113 creatures vanquished

Notes
Turn   | Place    | Note
-------+----------+-------------------------------------------
     0 | D:1      | bande the Gargoyle Fighter began the quest for the Orb.
     0 | D:1      | Reached XP level 1. HP: 14/14 MP: 1/1
    72 | D:1      | Reached XP level 2. HP: 10/19 MP: 2/2
   275 | D:1      | Reached skill level 2 in Axes
   395 | D:1      | Reached XP level 3. HP: 22/23 MP: 3/3
   970 | D:2      | Reached XP level 4. HP: 18/29 MP: 4/4
  1351 | D:2      | Noticed Terence
  1369 | D:2      | Killed Terence
  1370 | D:2      | Reached skill level 3 in Axes
  1530 | D:3      | Reached XP level 5. HP: 33/33 MP: 5/5
  1644 | D:3      | Noticed Sigmund
  2262 | D:2      | Killed Sigmund
  2263 | D:2      | Reached skill level 4 in Axes
  2263 | D:2      | Reached XP level 6. HP: 29/39 MP: 6/6
  2808 | D:3      | Found an iron altar of Okawaru.
  3168 | D:4      | Found a staircase to the Ecumenical Temple.
  3220 | Temple   | Entered the Ecumenical Temple
  3488 | D:4      | Reached skill level 5 in Armour
  3488 | D:4      | Reached XP level 7. HP: 44/44 MP: 7/7
  3642 | D:4      | Reached skill level 5 in Axes
  3729 | D:4      | Noticed Ijyb
  3734 | D:4      | Killed Ijyb
  3806 | D:4      | Reached skill level 5 in Fighting
  4349 | D:5      | Entered Level 5 of the Dungeon
  4370 | D:5      | Identified the +9 spear "Qudiarix" {vorpal, rN+ Dex+3}
  4431 | D:5      | Noticed Grinder
  4441 | D:5      | Killed Grinder
  4442 | D:5      | Reached skill level 6 in Axes
  4442 | D:5      | Reached XP level 8. HP: 39/49 MP: 8/8
  4913 | D:5      | Identified the +1 chain mail of Nypned {Rampage rCorr
                  | Int-4}
  5492 | D:6      | Reached skill level 7 in Axes
  5496 | D:6      | Reached skill level 5 in Shields
  5762 | D:6      | Reached XP level 9. HP: 50/55 MP: 9/9
  5819 | D:6      | Noticed Strat's ghost (amateur MeTm)
  5846 | D:6      | Noticed Maggie
  5861 | D:6      | Killed Maggie
  5862 | D:6      | Reached skill level 1 in Evocations
  6239 | D:6      | Found a runed translucent gate.
  6239 | D:6      | Found a runed translucent gate.
  6239 | D:6      | Found a runed translucent gate.
  6873 | D:7      | Reached skill level 8 in Axes
  6879 | D:7      | Killed Strat's ghost
  7025 | D:6      | Slain by a hornet simulacrum

Illustrated notes

Levels and vault maps discovered:
D:1:      elethiomel_arrival_shortcut, layout_loops_ring, minmay_tromino_v7
D:2:      layout_loops_cross, st_stairs_4, minmay_misc_feat_columns,
          uniq_terence
D:3:      layout_rooms, general_overflow_altar, uniq_sigmund
D:4:      layout_gridville, minmay_temple_entry_antechambers,
          kennysheep_generic_room_16, uniq_ijyb
D:5:      layout_cave_pods, uniq_grinder
D:6:      layout_loops_cross, gammafunk_ghost_icy, uniq_maggie
D:7:      layout_loops_cross
Temple:   nicolae_temple_two_arcs

Skill      XL: |  1  2  3  4  5  6  7  8  9 |
---------------+----------------------------+-----
Axes           | 2 3 4 6 7 8 |  8.0
Armour         | 4 5 6 7 |  7.2
Fighting       | 4 5 6 |  6.3
Shields        | 4 5 |  5.3
Evocations     | 1 |  1.7
Stealth        | |  0.2

Action                   |  1- 3 |  4- 6 |  7- 9 || total
-------------------------+-------+-------+-------++-------
Melee: War axe           |    89 |   144 |   196 ||   429
  Use: Scroll            |       |     9 |     3 ||    12
Armor: Scale mail        |    46 |    22 |       ||    68
       Chain mail        |       |    67 |   144 ||   211
Dodge: Dodged            |    33 |    63 |   106 ||   202
Block: Buckler           |    22 |    32 |    73 ||   127

Table legend: (Time is in decaauts)
 A = Elapsed time spent in this place.
 B = Non-inter-level travel time spent in this place.
 C = Inter-level travel time spent in this place.
 D = Time resting spent in this place.
 E = Time spent auto-exploring this place.
 F = Levels seen in this place.
 G = Mean time per level.
                   A        B        C        D        E       F      G
               +--------+--------+--------+--------+--------+-----+--------+
         Total |   7165 |   6982 |    183 |   1947 |   3415 |   8 |  895.6 |
       Dungeon |   7075 |   6892 |    183 |   1947 |   3415 |   7 | 1010.7 |
        Temple |     89 |     89 |      0 |      0 |      0 |   1 |   89.0 |
               +--------+--------+--------+--------+--------+-----+--------+

Top non-repeatable levels by time:
     D:2: 1543 daAuts
     D:6: 1254 daAuts
     D:4: 1184 daAuts
     D:5: 1008 daAuts
     D:3: 844 daAuts
     D:1: 795 daAuts
     D:7: 445 daAuts
  Temple: 89 daAuts
